 Dungeon Crawl Stone Soup version 0.18.1-50-g88ac8fd (webtiles) character file.

228 nikopol the Chopper (level 5, 0/70 HPs)
             Began as a Minotaur Berserker on Oct 23, 2016.
             Was a Priest of Trog.
             Slain by an elf zombie (4 damage)
             ... in an ossuary.
             The game lasted 00:04:49 (2319 turns).

nikopol the Chopper (Minotaur Berserker)            Turns: 2319, Time: 00:04:49

Health: 0/70       AC:  7    Str: 26    XL:     5   Next: 71%
Magic:  4/4        EV: 12    Int:  4    God:    Trog [***...]
Gold:   137        SH:  0    Dex: 11    Spells: 0 memorised, 4 levels left

rFire  . . .     SeeInvis .     a - +0 hand axe
rCold  . . .     Gourm    .     j - +0 ring mail
rNeg   . . .     Faith    .     (no shield)
rPois  .         Spirit   .     (helmet restricted)
rElec  .         Dismiss  +     (no cloak)
rCorr  .         Reflect  .     r - +0 pair of gloves
SustAt .         Harm     .     (no boots)
MR     .....                    d - amulet of dismissal
Stlth  ..........               (no ring)
                                (no ring)

@: berserking, very quick, not resistant to hostile enchantments, extremely
unstealthy
A: retaliatory headbutt, horns 2
a: Berserk, Trog's Hand, Burn Spellbooks, Renounce Religion


You were in an ossuary.
You worshipped Trog.
Trog was most pleased with you.
You were not hungry.

You visited 1 branch of the dungeon, and saw 4 of its levels.
You also visited: Ossuary.

You collected 137 gold pieces.

Inventory:

Hand Weapons
 a - a +0 hand axe (weapon)
Armour
 b - a +0 animal skin
 j - a +0 ring mail (worn)
 r - a +0 pair of gloves (worn)
Jewellery
 d - an amulet of dismissal (around neck)
 i - an uncursed ring of stealth {unknown}
 w - a cursed amulet of inaccuracy {unknown}
Scrolls
 f - a scroll of fog
 g - a scroll of amnesia
 m - 2 scrolls of random uselessness {unknown}
 t - 3 scrolls of identify {unknown}
 x - a scroll of magic mapping {unknown}
Potions
 h - a potion of agility {unknown}
 n - a potion of curing {unknown}
 o - a potion of ambrosia {unknown}
 p - a potion of flight {unknown}
 q - 3 potions of cure mutation {unknown}
 s - a potion of heal wounds {unknown}
 u - a potion of brilliance {unknown}
 v - a potion of might {unknown}
Comestibles
 c - a bread ration
 k - a slice of pizza


   Skills:
 + Level 4.6 Fighting
 + Level 4.9 Axes
 + Level 4.4 Armour
 + Level 3.9 Dodging


You had 4 spell levels left.
You didn't know any spells.

Dungeon Overview and Level Annotations

Branches:
Dungeon (4/15)
 Temple: D:4-7

Altars:


Innate Abilities, Weirdness & Mutations

You reflexively headbutt those who attack you in melee.
You have a pair of horns on your head.


Message History

You furiously retaliate!
You headbutt the elf zombie, but do no damage.
You barely miss the elf zombie. The elf zombie hits you.
* * * LOW HITPOINT WARNING * * *
A red film seems to cover your vision as you go berserk!
You feel yourself moving faster!
You feel mighty!
You feel somewhat more hungry.
The elf zombie hits you but does no damage.
You are too injured to fight recklessly!
You are too injured to fight recklessly!
You are too injured to fight recklessly!
You are too injured to fight recklessly!
You are too injured to fight recklessly!
You are too injured to fight recklessly!
You barely miss the elf zombie. You headbutt the elf zombie!
You closely miss the elf zombie. The elf zombie hits you.
* * * LOW HITPOINT WARNING * * *
You closely miss the elf zombie. Your headbutt misses the elf zombie.
You slash the elf zombie! The elf zombie hits you.
You die...

......8..8........#
..................#
.######.^######...#
#^.#....#...#
#..#..#.#...#
.####..####.#...#
#.....ZZZZ...#...#
#.......####Z#...#
#.......#.@#.#...#
#.......#..ZZ#...#
#.....∩.######...#
####+.... #...#
#...# #...# #...
#...#
.##############...#
..................#
.......∩∩.........#


You could see a goblin zombie and an elf zombie.

Vanquished Creatures
  A centaur zombie (Ossuary)
  An iguana (D:4)
  Terence (D:2)
  A mummy (Ossuary)
  3 adders
  2 oozes
  3 worms (D:2)
  A dart slug (D:1)
  3 giant geckos
  4 orcs (D:3)
  2 ball pythons
  4 giant cockroaches
  7 goblins
  8 hobgoblins
  3 jackals (D:3)
  7 kobolds
  A quokka (D:3)
  7 bats
  2 giant newts (D:3)
  A goblin zombie (D:4)
  8 hobgoblin zombies (Ossuary)
  7 kobold zombies
  6 orc zombies (Ossuary)
  5 rats
88 creatures vanquished.

Notes
Turn   | Place    | Note
--------------------------------------------------------------
     0 | D:1      | nikopol the Minotaur Berserker began the quest for the Orb.
     0 | D:1      | Reached XP level 1. HP: 19/19 MP: 0/0
   383 | D:1      | Reached XP level 2. HP: 26/26 MP: 1/1
   779 | D:2      | Reached ** piety under Trog
   781 | D:2      | Reached XP level 3. HP: 33/33 MP: 2/2
  1024 | D:2      | Reached XP level 4. HP: 18/40 MP: 3/3
  1417 | D:2      | Noticed Terence
  1427 | D:2      | Killed Terence
  1578 | D:3      | Reached *** piety under Trog
  2033 | D:3      | Reached XP level 5. HP: 44/47 MP: 4/4
  2129 | D:4      | Found a sand-covered staircase.
  2134 | Ossuary  | Entered an ossuary
  2317 | Ossuary  | HP: 3/70 [elf zombie (4)]
  2319 | Ossuary  | Slain by an elf zombie

Skill      XL: |  1  2  3  4 |
---------------+-------------+-----
Armour         | 3 4 |  4.4
Axes           | 4 |  4.9
Dodging        | 3 |  3.9
Fighting       | 4 |  4.6

Action                   |  1- 3 |  4- 6 || total
-------------------------+-------+-------++-------
Melee: Hand axe          |    63 |   130 ||   193
       Headbutt          |     8 |    27 ||    35
Invok: Berserk           |       |     2 ||     2
  Use: Scroll            |       |     4 ||     4
 Stab: Sleeping          |     1 |       ||     1
  Eat: Chunk             |       |     6 ||     6
Armor: Animal skin       |     5 |       ||     5
       Ring mail         |     9 |    45 ||    54
Dodge: Dodged            |    56 |    59 ||   115
